 Dungeon Crawl Stone Soup version 0.29-a0-653-gd47aff6735 (webtiles) character file.

Game seed: 13117952020793192

1303 frimble the Sneak (level 8, -7/48 (50) HPs)
             Began as an Octopode Warper on June 22, 2022.
             Was a Priest of Cheibriados.
             Mangled by a wight
             ... wielding a +4 halberd of freezing
              (16 damage)
             ... on level 6 of the Dungeon.
             The game lasted 00:07:18 (6629 turns).

frimble the Sneak (Octopode Warper)                 Turns: 6629, Time: 00:07:19

HP:   -7/48 (50)    AC:  1    Str: 17    XL:     8   Next: 57%
MP:   20/20         EV: 14    Int: 23    God:    Cheibriados [***...]
Gold: 287           SH:  5    Dex: 20    Spells: 7/11 levels left

rFire   . . .      SeeInvis .   p - +1 rapier
rCold   . . .      Faith    .   (no shield)
rNeg    . . .      Spirit   .   (helmet restricted)
rPois   .          Reflect  +   x - amulet of reflection
rElec   .          Harm     .   o - ring of flight
rCorr   .          Rampage  .   t - ring of magical power
Will    .....                   (no ring)
Stlth   ++++......              (no ring)
HPRegen 0.16/turn               (no ring)
MPRegen 0.17/turn               (no ring)
                                (no ring)
                                (no ring)

@: flying, lightly drained, very slow
A: almost no armour, amphibious, 8 rings, camouflage 1, gelatinous body 1,
(nimble swimmer 1), tentacles
a: Renounce Religion, Bend Time, Temporal Distortion


You were on level 6 of the Dungeon.
You worshipped Cheibriados.
Cheibriados was most pleased with you.
You visited 1 branch of the dungeon, and saw 6 of its levels.
You also visited: Ossuary.

You collected 287 gold pieces.

Inventory:

Hand Weapons
 a - a +0 falchion
 p - a +1 rapier (weapon)
Missiles
 c - 7 boomerangs of dispersal (quivered)
Jewellery
 o - a ring of flight (left tentacle)
 s - a ring of resist corrosion
 t - a ring of magical power (right tentacle)
 x - an amulet of reflection (around mantle)
Wands
 v - a wand of polymorph (10)
Scrolls
 b - a scroll of blinking
 j - 3 scrolls of teleportation
 k - 5 scrolls of vulnerability
 n - 2 scrolls of fear
 w - a scroll of enchant weapon
Potions
 d - 3 potions of might
 e - a potion of attraction
 f - a potion of haste
 g - 2 potions of curing
 h - a potion of lignification
 i - a potion of cancellation
 l - 4 potions of flight
 m - a potion of ambrosia
 q - a potion of invisibility
 r - a potion of magic
 u - a potion of heal wounds
 z - a potion of mutation


   Skills:
 - Level 2.0 Fighting
 + Level 3.8(4.2) Short Blades
 - Level 2.8(3.7) Long Blades
 - Level 1.0 Throwing
 + Level 2.9 Dodging
 - Level 6.0 Stealth
 - Level 2.0 Spellcasting
 - Level 5.4 Translocations
 + Level 3.9 Air Magic
 + Level 4.7 Poison Magic
 + Level 0.2 Invocations
 - Level 1.3 Evocations


You had 7 spell levels left.
You knew the following spells:

 Your Spells              Type           Power      Damage    Failure   Level
a - Blink                 Tloc           54%        N/A       1%          2
b - Poisonous Vapours     Pois/Air       44%        N/A       3%          2

Your spell library contained the following spells:

 Spells                   Type           Power      Damage    Failure   Level
 Gell's Gravitas          Tloc           27%        N/A       4%          3
 Lesser Beckoning         Tloc           27%        N/A       4%          3
 Teleport Other           Tloc           27%        N/A       4%          3
 Mephitic Cloud           Conj/Pois/Air  15%        N/A       12%         3
 Magic Dart               Conj           8%         1d3       13%         1
 Passage of Golubria      Tloc           27%        N/A       14%         4
 Call Imp                 Summ           2%         N/A       19%         2
 Corpse Rot               Necr/Pois/Air  15%        N/A       36%         4
 Manifold Assault         Tloc           27%        N/A       36%         5
 Silence                  Hex/Air        5%         N/A       85%         5
 Lehudib's Crystal Spear  Conj/Erth      1%         10d2      100%        8


Dungeon Overview and Level Annotations

Branches:
Dungeon (6/15)             Temple (0/1) D:6         Ossuary (visited)

Altars:
Cheibriados
Elyvilon
Fedhas
Gozag
Kikubaaqudgha
Qazlal
Ru
Uskayaw
Xom
Yredelemnul
The Shining One

Annotations:
D:5 2 transporters


Innate Abilities, Weirdness & Mutations

You cannot wear most types of armour.
You are amphibious.
You can wear up to eight rings at the same time.
Your skin changes colour to match your surroundings (Stealth+).
Your rubbery body absorbs attacks. (AC +1, EV +1)
((You are camouflaged when in or above water. (Stealth+)))
You have tentacles for arms and can constrict up to eight enemies at once.


Message History

You hear a bark!
The howler monkey hoots and howls with incredible vigour!
You hear an angry hiss. x2
You hit the howler monkey. Your grab misses the howler monkey.
The howler monkey is almost dead.
You kill the howler monkey!
Cheibriados thoroughly appreciates the change of pace.
You see here a howler monkey corpse.
HP restored.
A white imp comes into view.
A white imp is nearby!
A white imp is nearby!
Casting: Poisonous Vapours (safe; 3% risk of failure)
Confirm with . or Enter, or press ? or * to list all spells.
You can't see any susceptible monsters within range! (Use Z to cast anyway.)
A wight comes into view.
It is wielding a +4 halberd of freezing.
Things that are here:
a +0 falchion; a +0 robe; an adder corpse The white imp gestures at you.
The puff of frost misses you. The white imp gestures at you.
The puff of frost hits you!
You hit the white imp but do no damage. Your grab misses the white imp.
The white imp closely misses you.
You closely miss the white imp. You grab the white imp.
Your squeeze misses the white imp. You constrict the white imp.
The white imp gestures at you. The puff of frost hits you!
The wight hits you from afar with a +4 halberd of freezing!
You feel drained.
* * * LOW HITPOINT WARNING * * *
The wight freezes you.
* * * LOW HITPOINT WARNING * * *
You completely miss the white imp. You squeeze the white imp!
The white imp is almost dead.
You constrict the white imp.
You kill the white imp!
Cheibriados appreciates the change of pace.
The wight hits you from afar with a +4 halberd of freezing!
You die...

###***** #..,,,,* #.#***,* #.#
*,*********** #@# *,,,,,,,,,,,*
#.# ###*********.# #z#
#..,,,,,,###.# #.# #.######,....#
#.# #.#....#.....# #)#
#.#....#.....#
******##########.###.#....#.....#
,,,,,,^.?.......†..#.#..........#
,,,,,,!..........................


You could see a wight.

Vanquished Creatures
  Menkaure (Ossuary)
  A phantom (D:5)
  2 scorpions
  3 necrophages (D:4)
  3 wights
  2 howler monkeys (D:6)
  2 bullfrog zombies (D:4)
  A human zombie (D:4)
  3 hounds
  A jelly (D:5)
  Jessica (D:2)
  A scorpion zombie (D:4)
  2 orc wizards (D:4)
  2 hound zombies (D:4)
  5 mummies
  5 adders
  A white imp (D:6)
  2 adder zombies (D:4)
  3 worms
  4 dart slugs
  11 orcs
  7 bats
  3 endoplasms
  3 giant cockroaches
  3 gnoll zombies (Ossuary)
  5 goblins
  7 hobgoblins
  2 quokkas
  8 ball pythons
  3 frilled lizards
  11 gnoll skeletons (Ossuary)
  A goblin skeleton (Ossuary)
  7 goblin zombies (Ossuary)
  3 hobgoblin skeletons (Ossuary)
  4 hobgoblin zombies (Ossuary)
  4 kobold skeletons (Ossuary)
  6 kobold zombies (Ossuary)
  An orc skeleton (Ossuary)
  3 orc zombies (Ossuary)
  6 rats
  5 rat skeletons (Ossuary)
  2 rat zombies (Ossuary)
150 creatures vanquished.

Vanquished Creatures (others)
  An endoplasm (D:4)
  A goblin (D:4)
2 creatures vanquished.

Grand Total: 152 creatures vanquished

Notes
Turn   | Place    | Note
-------+----------+-------------------------------------------
     0 | D:1      | frimble the Octopode Warper began the quest for the Orb.
     0 | D:1      | Reached XP level 1. HP: 14/14 MP: 3/3
   242 | D:1      | Reached XP level 2. HP: 18/19 MP: 5/5
   308 | D:1      | Learned a level 2 spell: Blink
   605 | D:1      | Reached skill level 1 in Stealth
  1646 | D:2      | Noticed Jessica
  1652 | D:2      | Killed Jessica
  1653 | D:2      | Reached skill level 2 in Stealth
  1653 | D:2      | Reached XP level 3. HP: 17/24 MP: 6/6
  1746 | D:2      | Learned a level 2 spell: Poisonous Vapours
  2058 | D:2      | Reached XP level 4. HP: 24/29 MP: 7/7
  3034 | D:3      | Noticed a scorpion
  3045 | D:3      | Killed a scorpion
  3046 | D:3      | Reached skill level 3 in Stealth
  3046 | D:3      | Reached skill level 1 in Air Magic
  3046 | D:3      | Reached skill level 1 in Poison Magic
  3046 | D:3      | Reached XP level 5. HP: 34/34 MP: 8/8
  3102 | D:3      | Reached skill level 1 in Short Blades
  3310 | D:3      | Identified the +3 leather armour of Zeferegh {Str+2}
  3736 | D:4      | Found a snail-covered altar of Cheibriados.
  3751 | D:4      | Became a worshipper of Cheibriados the Contemplative
  3789 | D:4      | Found a stormy altar of Qazlal.
  3789 | D:4      | Found a glowing golden altar of the Shining One.
  3965 | D:4      | Found a blossoming altar of Fedhas.
  4089 | D:4      | Found an opulent altar of Gozag.
  4172 | D:4      | Reached XP level 6. HP: 37/39 MP: 5/9
  4175 | D:4      | Reached skill level 4 in Stealth
  4189 | D:4      | Found a shimmering altar of Xom.
  4623 | D:4      | Reached * piety under Cheibriados
  4663 | D:4      | Reached XP level 7. HP: 45/45 MP: 10/10
  4679 | D:4      | Found an ancient bone altar of Kikubaaqudgha.
  4810 | D:4      | Reached skill level 5 in Stealth
  5224 | D:4      | Found a basalt altar of Yredelemnul.
  5227 | D:4      | Found a sacrificial altar of Ru.
  5229 | D:4      | Found a white marble altar of Elyvilon.
  5234 | D:4      | Found a hide-covered altar of Uskayaw.
  5340 | D:5      | Entered Level 5 of the Dungeon
  5427 | D:5      | Found a transporter.
  5602 | D:5      | Found a transporter.
  5630 | D:5      | Reached skill level 5 in Translocations
  5630 | D:5      | Reached XP level 8. HP: 50/50 MP: 11/11
  6002 | D:6      | Found a sand-covered staircase.
  6009 | Ossuary  | Entered an ossuary
  6079 | Ossuary  | Reached ** piety under Cheibriados
  6118 | Ossuary  | Reached skill level 6 in Stealth
  6329 | Ossuary  | Reached *** piety under Cheibriados
  6376 | Ossuary  | Noticed Menkaure
  6404 | Ossuary  | Killed Menkaure
  6417 | Ossuary  | Reached skill level 1 in Evocations
  6629 | D:6      | Mangled by a wight

Illustrated notes

Levels and vault maps discovered:
D:1:      dpeg_arrival_arbitrary_a, layout_basic, minmay_pentomino_v2
D:2:      layout_basic, serial_curves, eino_curves_04, eino_curves_02,
          minmay_randomly_rotated_circles, uniq_jessica
D:3:      layout_basic, minivault_24
D:4:      layout_basic, lemuel_mausoleum_altar_kikubaaqudgha,
          mainiacjoe_overflow_six_doors_small, grunt_gozag_statues,
          xom_confusion_cloud, nicolae_overflow_hallway_of_the_gods,
          slow_altar_1
D:5:      gammafunk_cloud_chamber, layout_basic
D:6:      layout_basic, minmay_temple_entry_proselytizer,
          gup_ossuary_entry_pyramid

Skill      XL: |  1  2  3  4  5  6  7  8 |
---------------+-------------------------+-----
Stealth        | 2 3 4 5 6 |  6.0
Air Magic      | 1 2 3 |  3.9
Poison Magic   | 1 2 3 4 |  4.7
Short Blades   | 1 2 3 |  3.8
Translocations | 4 5 |  5.4
Evocations     | 1 |  1.3
Fighting       | |  2.0
Long Blades    | |  2.8
Throwing       | |  1.0
Dodging        | |  2.9
Spellcasting   | |  2.0
Invocations    | |  0.2

Action                   |  1- 3 |  4- 6 |  7- 9 || total
-------------------------+-------+-------+-------++-------
Melee: Falchion          |    44 |    14 |       ||    58
       Constrict         |    12 |    18 |    50 ||    80
       Tentacles         |     4 |    21 |    40 ||    65
       Rapier            |       |    67 |   195 ||   262
       Punch             |       |     2 |     3 ||     5
 Cast: Poisonous Vapours |       |    27 |    12 ||    39
  Use: Scroll            |     3 |    13 |     7 ||    23
       Potion            |       |       |     1 ||     1
 Stab: Sleeping          |     4 |     8 |    13 ||    25
       Distracted        |       |       |     2 ||     2
Armor: Skin              |     6 |     5 |    15 ||    26
Dodge: Dodged            |    21 |    58 |    67 ||   146
Block: Other             |       |     4 |    27 ||    31

Table legend: (Time is in decaauts)
 A = Elapsed time spent in this place.
 B = Non-inter-level travel time spent in this place.
 C = Inter-level travel time spent in this place.
 D = Time resting spent in this place.
 E = Time spent auto-exploring this place.
 F = Levels seen in this place.
 G = Mean time per level.
                   A        B        C        D        E       F      G
               +--------+--------+--------+--------+--------+-----+--------+
         Total |   7164 |   7001 |    163 |     96 |   5763 |   7 | 1023.4 |
       Dungeon |   6479 |   6316 |    163 |      0 |   5504 |   6 | 1079.8 |
       Ossuary |    684 |    684 |      0 |     96 |    259 |   1 |  684.0 |
               +--------+--------+--------+--------+--------+-----+--------+

Top non-repeatable levels by time:
     D:4: 1851 daAuts
     D:2: 1534 daAuts
     D:3: 1149 daAuts
     D:1: 1060 daAuts
     D:5: 766 daAuts
 Ossuary: 684 daAuts
     D:6: 117 daAuts
